 Dungeon Crawl Stone Soup version 0.29-a0-284-gf9362112df (webtiles) character file.

Game seed: 2496478605342031314

151 YayAnonymity the Slasher (level 5, 0/45 HPs)
             Began as a Draconian Berserker on Mar 26, 2022.
             Was a Believer of Trog.
             Slain by a hound (1 damage)
             ... on level 4 of the Dungeon.
             The game lasted 00:02:31 (1155 turns).

YayAnonymity the Slasher (Draconian Berserker)      Turns: 1155, Time: 00:02:31

Health: 0/45       AC:  6    Str: 19    XL:     5   Next: 10%
Magic:  5/5        EV: 13    Int:  8    God:    Trog [**....]
Gold:   73         SH:  0    Dex: 12    Spells: 4/4 levels left

rFire   . . .      SeeInvis .   a - +0 falchion
rCold   . . .      Faith    .   (no shield)
rNeg    . . .      Spirit   .   (body armour unavailable)
rPois   .          Reflect  .   (helmet restricted)
rElec   .          Harm     .   (no cloak)
rCorr   .          Rampage  .   e - +0 pair of gloves
Will    .....                   (no boots)
Stlth   +.........              (no amulet)
HPRegen 0.15/turn               (no ring)
MPRegen 0.09/turn               (no ring)

@: on berserk cooldown, slowed, very slow
A: AC +5, unfitting armour, cold-blooded
a: Renounce Religion, Berserk, Trog's Hand


You were on level 4 of the Dungeon.
You worshipped Trog.
Trog was pleased with you.
You visited 1 branch of the dungeon, and saw 3 of its levels.

You collected 73 gold pieces.

Inventory:

Hand Weapons
 a - a +0 falchion (weapon)
Armour
 e - a +0 pair of gloves (worn)
Scrolls
 f - a scroll of vulnerability {unknown}
 h - a scroll of amnesia {unknown}
Potions
 b - a potion of cancellation {unknown}
 c - a potion of brilliance {unknown}
 d - a potion of haste {unknown}
 g - a potion of lignification {unknown}


   Skills:
 - Level 3.2 Fighting
 * Level 5.1 Long Blades
 + Level 3.7 Dodging


You had 4 spell levels left.
You didn't know any spells.
Your spell library was empty.

Dungeon Overview and Level Annotations

Branches:
Dungeon (2/15)

Altars:

Shops:
D:1 (

Annotations:
D:4 Duvessa


Innate Abilities, Weirdness & Mutations

Your plain brown scales are hard. (AC +5)
You cannot fit into any form of body armour.
You are cold-blooded and may be slowed by cold attacks.


Message History

The hound misses you. The gnoll misses you.
The hound bites you but does no damage.
You hit the gnoll.
The gnoll is heavily wounded.
The hound bites you. The gnoll closely misses you. The hound barely misses you.
The gnoll barely misses you. The gnoll hits you with a +0 halberd.
You hit the gnoll.
The gnoll is almost dead.
The hound barely misses you.
Duvessa, Sister of Dowan comes into view.
She is wielding a +0 rapier.
The gnoll barely misses you. x2; The hound completely misses you.
The gnoll hits you with a +0 halberd! The gnoll misses you.
Duvessa shouts!
You hit the hound but do no damage.
The hound is moderately wounded.
The hound bites you but does no damage. The hound misses you.
The gnoll barely misses you. The gnoll hits you with a +0 club.
The hound barely misses you.
You closely miss the hound.
Your tail-slap misses the hound.
The hound is moderately wounded.
The hound closely misses you. The gnoll hits you but does no damage.
The gnoll barely misses you. The hound completely misses you.
The gnoll hits you but does no damage. The gnoll barely misses you.
You hit the hound but do no damage.
Your tail-slap misses the hound.
The hound is moderately wounded.
The hound bites you but does no damage. The hound bites you.
The gnoll misses you. The gnoll hits you but does no damage.
The hound barely misses you.
You hit the hound.
The hound is moderately wounded.
The gnoll hits you with a +0 club. The gnoll barely misses you.
The hound bites you. The gnoll hits you but does no damage.
The hound bites you. The gnoll barely misses you.
The gnoll attacks as you move away! The gnoll hits you with a +0 halberd!
* * * LOW HITPOINT WARNING * * *
The hound closely misses you.
The gnoll hits you from afar with a +0 halberd!
* * * LOW HITPOINT WARNING * * *
The hound bites you.
You die...

####..############
#................#
<.g.###)##########.####
...## #.## #..... . ..
.. #..# ###### #.# #.
##)# .#.. ##e #)#
....##..###.#####
.......gg@......#
.....(.#)h......#
#...............#
#..................
#..............(...
..................#.
#...................
#....=......(....#..
#................


You could see a hound and 2 gnolls.

Vanquished Creatures
  A phantom (D:4)
  An orc wizard (D:4)
  A gnoll (D:4)
  3 dart slugs
  An orc (D:4)
  4 ball pythons
  2 bats
  An endoplasm (D:1)
  2 giant cockroaches (D:1)
  2 goblins
  A hobgoblin (D:1)
  3 quokkas
  3 frilled lizards (D:1)
  7 kobolds
  3 rats
35 creatures vanquished.

Notes
Turn   | Place    | Note
-------+----------+-------------------------------------------
     0 | D:1      | YayAnonymity the Draconian Berserker began the quest for
                  | the Orb.
     0 | D:1      | Reached XP level 1. HP: 19/19 MP: 1/1
    12 | D:1      | Found a faded altar of an unknown god.
    66 | D:1      | Found Icuewoc's Weapon Boutique.
   318 | D:1      | Reached XP level 2. HP: 26/26 MP: 2/2
   706 | D:2      | Reached ** piety under Trog
   707 | D:2      | Reached XP level 3. HP: 28/31 MP: 3/3
   812 | D:2      | Reached skill level 4 in Long Blades
   872 | D:2      | You fall into a shaft and drop 2 floors!
  1008 | D:4      | Noticed a phantom
  1030 | D:4      | Killed a phantom
  1031 | D:4      | Reached skill level 5 in Long Blades
  1031 | D:4      | Reached XP level 4. HP: 36/38 MP: 4/4
  1031 | D:4      | Reached XP level 5. HP: 42/45 MP: 5/5
  1150 | D:4      | Noticed Duvessa
  1155 | D:4      | HP: 1/45 [gnoll/+0 halberd (11)]
  1155 | D:4      | Slain by a hound

Illustrated notes

Levels and vault maps discovered:
D:1:      scummos_arrival_star, layout_rooms, serial_shops,
          nicolae_shop_bloodbath_and_beyond,
          hellmonk_ecumenical_altar_pennies_from_heaven,
          chequers_serial_rivers_micro_c
D:2:      layout_rooms, lemuel_old_faithful
D:4:      layout_rooms, minmay_bisected, uniq_duvessa

Skill      XL: |  1  2  3 |
---------------+----------+-----
Dodging        | 3 |  3.7
Long Blades    | 5 |  5.1
Fighting       | |  3.2

Action                   |  1- 3 |  4- 6 || total
-------------------------+-------+-------++-------
Melee: Falchion          |   109 |    13 ||   122
       Tailslap          |    15 |       ||    15
       Punch             |     1 |       ||     1
Invok: Berserk           |     1 |     1 ||     2
Armor: Skin              |    33 |    12 ||    45
Dodge: Dodged            |    69 |    37 ||   106

Table legend: (Time is in decaauts)
 A = Elapsed time spent in this place.
 B = Non-inter-level travel time spent in this place.
 C = Inter-level travel time spent in this place.
 D = Time resting spent in this place.
 E = Time spent auto-exploring this place.
 F = Levels seen in this place.
 G = Mean time per level.
                   A        B        C        D        E       F      G
               +--------+--------+--------+--------+--------+-----+--------+
         Total |   1182 |   1177 |      5 |    149 |    697 |   3 |  394.0 |
       Dungeon |   1182 |   1177 |      5 |    149 |    697 |   3 |  394.0 |
               +--------+--------+--------+--------+--------+-----+--------+

Top non-repeatable levels by time:
     D:1: 710 daAuts
     D:4: 299 daAuts
     D:2: 173 daAuts
